 Dungeon Crawl Stone Soup version 0.19.4-10-g532645f (webtiles) character file.

1054 Kosschaser the Ruffian (level 8, -2/67 HPs)
             Began as a Troll Monk on Feb 24, 2017.
             Slain by a gnoll
             ... wielding a +0 spear
              (7 damage)
             ... on level 5 of the Dungeon.
             The game lasted 00:14:34 (2616 turns).

Kosschaser the Ruffian (Troll Monk)                 Turns: 2616, Time: 00:14:35

Health: -2/67      AC:  6    Str: 22    XL:     8   Next: 5%
Magic:  8/8        EV: 11    Int:  8    God:
Gold:   218        SH:  4    Dex: 10    Spells: 1 memorised, 8 levels left

rFire  . . .     SeeInvis .       - Unarmed
rCold  . . .     Gourm    +     a - +0 robe
rNeg   . . .     Faith    +     (no shield)
rPois  .         Spirit   .     (helmet restricted)
rElec  .         Reflect  .     r - +0 cloak
rCorr  .         Harm     .     (gloves unavailable)
MR     .....                    (boots unavailable)
Stlth  +.........               n - amulet of faith
                                (no ring)
                                s - ring of flight

@: no status effects
A: unfitting armour, claws 3, horns 1, large bone plates 1, clever 1, clumsy 1,
fast metabolism 3, frail 1, gourmand, regeneration 1, shaggy fur 1, tough skin 2
a: Evoke Flight


You were on level 5 of the Dungeon.
You were very full.

You visited 1 branch of the dungeon, and saw 5 of its levels.

You collected 218 gold pieces.

Inventory:

Missiles
 u - 2 throwing nets (quivered)
Armour
 a - a +0 robe (worn)
 r - a +0 cloak (worn)
Jewellery
 n - an amulet of faith (around neck)
 s - a ring of flight (left claw)
Wands
 k - a wand of teleportation (2/9)
Scrolls
 c - 3 scrolls of remove curse
 f - 2 scrolls of magic mapping
 g - 5 scrolls of recharging
 h - a scroll of random uselessness {unknown}
 j - a scroll of immolation
Potions
 d - 2 potions of might
 e - a potion of mutation {unknown}
 i - a potion of resistance
 l - 2 potions of cure mutation {unknown}
 m - 2 potions of haste {unknown}
 p - 2 potions of curing {unknown}
 q - a potion of heal wounds {unknown}
 w - a potion of degeneration {unknown}
 x - a potion of flight {unknown}
Books
 o - a book of Misfortune

   Spells                             Type                      Level
   a - Confusing Touch                Hexes                        1
   b - Confuse                        Hexes                        3
   c - Gell's Gravitas                Hexes/Translocation          3
   d - Petrify                        Transmutation/Earth          4
   e - Metabolic Englaciation         Hexes/Ice                    5
   f - Yara's Violent Unravelling     Hexes/Transmutation          5
Comestibles
 b - 4 bread rations
 t - a meat ration


   Skills:
 + Level 3.3 Fighting
 + Level 4.5 Dodging
 - Level 1.0 Stealth
 + Level 7.6 Unarmed Combat
 + Level 1.2 Spellcasting
 + Level 1.0 Hexes


You had 8 spell levels left.
You knew the following spells:

 Your Spells              Type           Power        Failure   Level  Hunger
a - Confusing Touch       Hex            #.....       30%         1    ##.....


Dungeon Overview and Level Annotations

Branches:
Dungeon (5/15)
 Temple: D:4-7

Altars:
Ru

Shops:
D:5 :


Innate Abilities, Weirdness & Mutations

You are too large for most types of armour.
You have claws for hands.
Your metabolism is lightning-fast.
You like to eat raw meat.
Your natural rate of healing is unusually fast.
You are covered in fur. (AC +1)
You have very tough skin. (AC +2)
You have a pair of small horns on your head.
You are partially covered in large bone plates. (SH +4)
Your mind is acute. (Int +2)
You are clumsy. (Dex -2)
You are frail. (-10% HP)


Message History

* * * LOW HITPOINT WARNING * * *
The gnoll sergeant completely misses you.
The gnoll hits you with a club.
* * * LOW HITPOINT WARNING * * *
The gnoll closely misses you. The gnoll barely misses you.
You scratch the gnoll sergeant but do no damage.
The gnoll sergeant is severely wounded.
The gnoll sergeant seems less confused.
The gnoll sergeant misses you. You block the gnoll's attack.
The gnoll barely misses you. The gnoll hits you with a club.
* * * LOW HITPOINT WARNING * * *
You claw the gnoll sergeant!
You kill the gnoll sergeant!
You have reached level 8!
The gnoll hits you but does no damage. You block the gnoll's attack.
The gnoll closely misses you.
You closely miss the gnoll. You headbutt the gnoll. Your claw misses the gnoll.
The gnoll is almost dead.
The gnoll hits you from afar with a spear!
You die...

...........##.#
##########.##.####### ######## #
#...# #.##.##....# ........ #
#...# #....##....# ........
####...###..........# ......
....................# ....
....................# #..
...............).gg.#.#.. #####.<
............#...@.)..............
..####...........g)....#..#....#+
.......#.#.##.#................#.
.................................
.......#+#..........#............
...............#....#.####### #
...............#....# #
...####.........#+#.# ...#
#............


You could see 3 gnolls.

Vanquished Creatures
  The ghost of Magnus the Shooter, an amateur HEAM (D:4)
  An ice beast (D:5)
  A sky beast (D:5)
  2 ogres
  A gnoll sergeant (D:5)
  3 wights (D:5)
  A howler monkey (D:4)
  Natasha (thrice) (D:4)
  3 worker ants
  2 hound skeletons (D:4)
  5 gnolls
  4 adders
  A shadow imp (D:3)
  2 oozes
  An adder skeleton (D:4)
  3 worms
  2 dart slugs
  5 leopard geckos
  6 orcs
  4 giant cockroaches
  8 goblins
  7 hobgoblins
  12 jackals
  4 kobolds
  4 quokkas
  A ball python (D:5)
  2 bats
  4 frilled lizards
  6 rats
99 creatures vanquished.

Notes
Turn   | Place    | Note
-------+----------+-------------------------------------------
     0 | D:1      | Kosschaser the Troll Monk began the quest for the Orb.
     0 | D:1      | Reached XP level 1. HP: 22/22 MP: 0/0
    59 | D:1      | Reached XP level 2. HP: 29/29 MP: 1/1
   305 | D:1      | Reached XP level 3. HP: 35/36 MP: 2/2
   603 | D:2      | Reached skill level 4 in Unarmed Combat
   770 | D:2      | Reached XP level 4. HP: 44/44 MP: 3/3
  1381 | D:3      | Learned a level 1 spell: Confusing Touch
  1497 | D:3      | Found a faded altar of an unknown god.
  1832 | D:4      | Reached XP level 5. HP: 42/52 MP: 4/4
  1915 | D:4      | Noticed Magnus's ghost (amateur HEAM)
  1933 | D:4      | Killed Magnus's ghost
  1933 | D:4      | Reached skill level 5 in Unarmed Combat
  1933 | D:4      | Reached XP level 6. HP: 41/61 MP: 3/5
  2079 | D:4      | Found a sacrificial altar of Ru.
  2094 | D:4      | Noticed Natasha
  2101 | D:4      | Killed Natasha
  2109 | D:4      | Noticed Natasha
  2121 | D:4      | Killed Natasha
  2240 | D:4      | Noticed Natasha
  2246 | D:4      | Killed Natasha
  2246 | D:4      | Reached skill level 6 in Unarmed Combat
  2246 | D:4      | Reached XP level 7. HP: 59/67 MP: 7/7
  2272 | D:5      | Entered Level 5 of the Dungeon
  2292 | D:5      | Reached skill level 1 in Spellcasting
  2418 | D:5      | Gained mutation: You are partially covered in large bone plates. (SH +4) [mutagenic meat]
  2419 | D:5      | Gained mutation: Your mind is acute. (Int +2) [mutagenic meat]
  2420 | D:5      | Gained mutation: You are frail. (-10% HP) [mutagenic meat]
  2421 | D:5      | Gained mutation: You are clumsy. (Dex -2) [mutagenic meat]
  2422 | D:5      | Gained mutation: You have a pair of small horns on your head. [mutagenic meat]
  2424 | D:5      | Found Xoplutoc's Book Emporium.
  2430 | D:5      | Reached skill level 1 in Hexes
  2508 | D:5      | Reached skill level 7 in Unarmed Combat
  2615 | D:5      | Reached XP level 8. HP: 4/67 MP: 8/8
  2616 | D:5      | Slain by a gnoll

Skill      XL: |  1  2  3  4  5  6  7 |
---------------+----------------------+-----
Dodging        | 3 4 |  4.5
Unarmed Combat | 4 5 6 7 |  7.6
Fighting       | 3 |  3.3
Spellcasting   | 1 |  1.2
Hexes          | 1 |  1.0
Stealth        | |  1.0

Action                   |  1- 3 |  4- 6 |  7- 9 || total
-------------------------+-------+-------+-------++-------
Melee: Unarmed           |   102 |   138 |    75 ||   315
       Punch             |     2 |     5 |     4 ||    11
       Headbutt          |       |       |    10 ||    10
 Cast: Confusing Touch   |       |     7 |     2 ||     9
  Use: Scroll            |     1 |       |     4 ||     5
 Stab: Sleeping          |     1 |     1 |       ||     2
       Confused          |       |     6 |     1 ||     7
  Eat: Chunk             |     5 |    13 |     8 ||    26
       Bread ration      |       |     2 |       ||     2
Armor: Robe              |    57 |    34 |    27 ||   118
Dodge: Dodged            |    70 |    92 |    42 ||   204
Block: Other             |       |       |    14 ||    14
